 Dungeon Crawl Stone Soup version 0.24-a0-459-g225fefd530 (webtiles) character file.

Game seed: 12152602585884422446

102 Peloso the Shield-Bearer (level 4, -12/40 HPs)
             Began as a Minotaur Fighter on June 30, 2019.
             Shot with an arrow by a centaur (13 damage)
             ... on level 2 of the Dungeon.
             The game lasted 00:02:44 (1250 turns).

Peloso the Shield-Bearer (Minotaur Fighter)         Turns: 1250, Time: 00:02:45

Health: -12/40     AC:  7    Str: 21    XL:     4   Next: 50%
Magic:  3/3        EV:  8    Int:  5    God:
Gold:   142        SH:  9    Dex: 10    Spells: 3/3 levels left

rFire    . . .     SeeInvis .   a - +0 long sword
rCold    . . .     Gourm    .   c - +0 shield
rNeg     . . .     Faith    .   b - +0 scale mail
rPois    .         Spirit   .   (helmet restricted)
rElec    .         Reflect  .   (no cloak)
rCorr    .         Harm     .   (no gloves)
MR       .....                  (no boots)
Stlth    ..........             (no amulet)
HPRegen  0.13/turn              (no ring)
MPRegen  0.08/turn              (no ring)

@: no status effects
A: retaliatory headbutt, horns 2
a: no special abilities


You were on level 2 of the Dungeon.
You were not hungry.

You visited 1 branch of the dungeon, and saw 2 of its levels.

You collected 142 gold pieces.

Inventory:

Hand Weapons
 a - a +0 long sword (weapon)
Armour
 b - a +0 scale mail (worn)
 c - a +0 shield (worn)
Jewellery
 i - an uncursed ring of poison resistance {unknown}
Wands
 h - a wand of iceblast (10)
Scrolls
 e - a scroll of remove curse {unknown}
 l - a scroll of teleportation {unknown}
Potions
 d - a potion of might
 g - a potion of cancellation {unknown}
 j - a potion of curing {unknown}
Comestibles
 f - 5 rations
 k - 2 chunks of flesh


   Skills:
 + Level 4.2 Fighting
 + Level 3.9 Long Blades
 + Level 4.1 Armour
 + Level 0.9 Dodging
 + Level 4.5 Shields


You had 3 spell levels left.
You didn't know any spells.
Your spell library was empty.

Dungeon Overview and Level Annotations

Branches:
Dungeon (2/15)

Altars:
Cheibriados
Fedhas
Kikubaaqudgha
Vehumet


Innate Abilities, Weirdness & Mutations

You reflexively headbutt those who attack you in melee.
You have a pair of horns on your head.


Message History

You see here a worm corpse.
Items here: )) ÷÷ a +0 flail x2; a gnoll skeleton x2
You see here a cursed -1 club.
You see here a +0 dagger.
You see here a quokka corpse.
A centaur comes into view.
The centaur shouts!
The centaur wields a +0 shortbow.
The centaur shoots an arrow.
The arrow hits you!
A centaur is nearby!
A centaur is nearby!
You see here a quokka corpse.
The centaur shoots an arrow.
The arrow hits you!
* * * LOW HITPOINT WARNING * * *
You see here an arrow.
The centaur shoots an arrow.
The arrow hits you.
* * * LOW HITPOINT WARNING * * *
The centaur shoots an arrow.
The arrow hits you!
You die...

#c #....#............( #.
#.......#..†...#### #.
####..####.#.....).. #.
#.....# #.#....####
###.###.#...# #.#....#
...c.....#.# #......#
#.##.#....# #......#
##.##...†.....####....###
.......##†.(@....#.......#
###......................#
########.......#.......####
###...###.....####..
##.....##.#<..# #.#
##.......#.....####.#
#.........###........
##.......## ##.####.#
##.)...## ###.####.#


You could see a centaur.

Vanquished Creatures
  3 gnolls (D:2)
  An adder (D:2)
  2 worms (D:2)
  A dart slug (D:2)
  7 bats
  3 giant cockroaches (D:2)
  6 goblins
  9 hobgoblins
  8 jackals (D:1)
  A quokka (D:2)
  2 frilled lizards
  7 kobolds
  4 rats
54 creatures vanquished.

Notes
Turn   | Place    | Note
-------+----------+-------------------------------------------
     0 | D:1      | Peloso the Minotaur Fighter began the quest for the Orb.
     0 | D:1      | Reached XP level 1. HP: 19/19 MP: 0/0
   139 | D:1      | Reached XP level 2. HP: 21/27 MP: 1/1
   414 | D:1      | Reached XP level 3. HP: 32/33 MP: 2/2
   659 | D:2      | Found an ancient bone altar of Kikubaaqudgha.
   664 | D:2      | Found a radiant altar of Vehumet.
   665 | D:2      | Found a blossoming altar of Fedhas.
   870 | D:2      | Reached XP level 4. HP: 16/40 MP: 3/3
  1088 | D:2      | Found a snail-covered altar of Cheibriados.
  1245 | D:2      | Noticed a centaur
  1250 | D:2      | HP: 1/40 [centaur/arrow (3)]
  1250 | D:2      | Shot with an arrow by a centaur

Levels and vault maps discovered:
D:1:      eino_arrival_water_star, layout_loops_ring
D:2:      layout_loops_cross, kennysheep_slug_shrine,
          chequers_temple_overflow_statue_of_worship

Skill      XL: |  1  2  3 |
---------------+----------+-----
Shields        | 4 |  4.5
Fighting       | 4 |  4.2
Long Blades    | 3 |  3.9
Armour         | 4 |  4.1
Dodging        | |  0.9

Action                   |  1- 3 |  4- 6 || total
-------------------------+-------+-------++-------
Melee: Long sword        |   108 |    26 ||   134
       Headbutt          |     7 |     7 ||    14
  Eat: Chunk             |       |     1 ||     1
Armor: Scale mail        |    35 |     9 ||    44
Dodge: Dodged            |    48 |    12 ||    60
Block: Shield            |    47 |    14 ||    61
       Rpst.: Long sword |    12 |     3 ||    15

Table legend:
 A = Non-vault XP
 B = Vault XP
 C = Vault XP percentage of total XP
 D = Non-vault monster count
 E = Vault monster count
 F = Vault count percentage of total count
                 A         B        C        D         E       F
            +---------+---------+-------+---------+---------+-------
      Total |     143 |       4 |   2.7 |      53 |       1 |   1.9
            +---------+---------+-------+---------+---------+-------
        D:1 |      48 |       0 |   0.0 |      29 |       0 |   0.0
        D:2 |      95 |       4 |   4.0 |      24 |       1 |   4.0
            +---------+---------+-------+---------+---------+-------
